AoeStats
← lpmurphyanalytics

Black Forest

504920678Analyzed
4v4 RM · 26d ago on Sep 7, 2026· 29m 13s· 8 players
Game mode
Random Map
Map size
Large (8 player)
Population
200
Speed
Normal
Resources
Standard
Victory
Conquest
Starting age
Dark Age
Ending age
Imperial Age
RankedLock teamsTeams togetherTeam positionsShared explorationLock speedFull tech treeHidden civsTurbo modeCheats
Victory
Defeat
🇲🇽 Franks · Mexico
917
+15
🇦🇷 Jurchens · Argentina
906
+16
🇨🇱 Mongols · Chile
902
+16
🇺🇸 Dravidians · United States
850
+18
🇫🇷 Spanish · France
957
-18
🇲🇽 Khmer · Mexico
890
-16
883
-16
🇲🇽 Byzantines · Mexico
869
-15
★GGsorryGLnextime★
0:26 Loom
13:08 Feudal Age
14:45 Wheelbarrow
18:24 Castle Age
17:20 Town Watch
22:24 Double-Bit Axe
25:32 #83
28:16 Fletching
28:28 Padded Archer Armor
lpmurphyanalytics
12:29 Feudal Age
13:31 Double-Bit Axe
13:30 Horse Collar
18:37 Castle Age
17:08 Fletching
17:28 Scale Barding Armor
19:59 Bow Saw
19:51 Heavy Plow
20:04 Husbandry
22:44 Wheelbarrow
24:49 Bodkin Arrow
25:29 Gold Mining
26:31 Thumb Ring
26:53 Chain Barding Armor
26:35 Padded Archer Armor
28:42 Leather Archer Armor
29:54 Hand Cart
Magocuro
1:07 Loom
10:51 Feudal Age
13:21 Double-Bit Axe
16:55 Castle Age
16:17 Horse Collar
16:49 Stone Mining
17:16 Town Watch
18:07 Wheelbarrow
17:30 Fletching
22:41 Bow Saw
26:08 Heavy Plow
31:22 Imperial Age
29:48 Nomads
Ultra cogolloo
0:50 Loom
15:06 Feudal Age
16:33 Wheelbarrow
16:32 Double-Bit Axe
17:11 Gold Mining
18:43 Bloodlines
19:41 Horse Collar
22:11 Forging
23:01 Scale Barding Armor
28:15 Castle Age
28:21 Light Cavalry
flying ñonga
1:37 Loom
4:38 Loom
11:06 Feudal Age
15:33 Castle Age
14:24 Double-Bit Axe
14:23 Horse Collar
17:01 Wheelbarrow
22:50 Town Watch
29:22 Imperial Age
28:28 Hand Cart
29:01 Forging
28:56 Scale Barding Armor
29:21 Heavy Plow
lebannidecod
10:58 Feudal Age
16:00 Castle Age
15:05 Stone Mining
18:50 Horse Collar
26:51 Scale Barding Armor
make wall ,door and market well?
0:28 Loom
11:43 Feudal Age
14:00 Double-Bit Axe
17:17 Castle Age
18:50 Bow Saw
20:44 Wheelbarrow
leon_skennedy96
0:27 Loom
16:37 Feudal Age
19:20 Horse Collar
19:29 Double-Bit Axe
19:38 Gold Mining
19:39 Stone Mining
22:01 Castle Age
20:27 Man-at-Arms
20:53 Arson
21:58 Wheelbarrow
26:15 Gold Shaft Mining
25:52 Bow Saw
25:46 Heavy Plow
27:49 Hand Cart
Connection lost

Rejoining the realm…

Still unreachable

The connection could not be restored.

Session expired

The server has moved on; the page needs a fresh start.